 Seeded DCSS version 0.29-a0-643-ga013cefcf8 (webtiles) character file.

Game seed: 10802498693541890562 (custom seed)

897 wilfster70 the Cleaver (level 8, -8/73 HPs)
             Began as a Hill Orc Fighter on June 19, 2022.
             Killed from afar by Ijyb (11 damage)
             ... with a bolt of dispelling energy
             ... on level 5 of the Dungeon.
             The game lasted 00:08:12 (3877 turns).

wilfster70 the Cleaver (Hill Orc Fighter)           Turns: 3877, Time: 00:08:12

Health: -8/73      AC: 11    Str: 21    XL:     8   Next: 7%
Magic:  8/8        EV:  7    Int:  8    God:
Gold:   243        SH:  4    Dex: 10    Spells: 7/7 levels left

rFire   . . .      SeeInvis .   a - +0 war axe
rCold   . . .      Faith    .   f - +0 buckler of Darkness {Regen+}
rNeg    . . .      Spirit   .   u - +0 chain mail
rPois   .          Reflect  .   n - +1 helmet
rElec   .          Harm     .   (no cloak)
rCorr   .          Rampage  .   (no gloves)
Will    .....                   (no boots)
Stlth   ..........              (no amulet)
HPRegen 1.02/turn               (no ring)
MPRegen 0.11/turn               (no ring)

@: no status effects
A: no striking features
a: no special abilities


You were on level 5 of the Dungeon.
You visited 1 branch of the dungeon, and saw 5 of its levels.

You collected 243 gold pieces.

Inventory:

Hand Weapons
 a - a +0 war axe (weapon)
Missiles
 o - 3 atropa-tipped darts (quivered)
 y - 5 curare-tipped darts
Armour
 f - the +0 buckler of Darkness (worn) {Regen+}
   (You acquired it on level 1 of the Dungeon)

   Regen:     It increases your rate of health regeneration.
 n - a +1 helmet (worn)
 u - a +0 chain mail (worn)
Jewellery
 w - a +6 ring of strength
 A - a +6 ring of dexterity
Scrolls
 c - 2 scrolls of fog {unknown}
 g - 2 scrolls of teleportation
 i - a scroll of noise {unknown}
 j - a scroll of enchant armour
 l - 4 scrolls of identify {unknown}
 m - a scroll of brand weapon {unknown}
 p - a scroll of enchant weapon {unknown}
 s - 2 scrolls of poison {unknown}
 t - 2 scrolls of fear
Potions
 b - a potion of flight {unknown}
 d - a potion of curing {unknown}
 e - a potion of degeneration {unknown}
 h - 2 potions of haste {unknown}
 k - 2 potions of berserk rage {unknown}
 q - a potion of magic {unknown}
 r - 2 potions of brilliance {unknown}
 v - 2 potions of invisibility {unknown}
 x - 2 potions of lignification {unknown}
 z - a potion of heal wounds {unknown}


   Skills:
 + Level 7.1 Fighting
 * Level 9.9 Axes
 - Level 3.2 Armour
 - Level 3.2 Shields


You had 7 spell levels left.
You didn't know any spells.
Your spell library contained the following spells:

 Spells                   Type           Power      Damage    Failure   Level
 Static Discharge         Conj/Air       0%         N/A       100%        2
 Dispel Undead            Necr           0%         3d6       100%        4
 Sticky Flame             Conj/Fire      0%         2d3       100%        4
 Freezing Cloud           Conj/Ice/Air   0%         6-21      100%        5
 Lightning Bolt           Conj/Air       0%         1d11      100%        5
 Simulacrum               Ice/Necr       0%         N/A       100%        6
 Maxwell's Capacitive Co  Air            0%         ∞         100%        8
 Polar Vortex             Ice            0%         N/A       100%        9


Dungeon Overview and Level Annotations

Branches:
Dungeon (5/15)
 Temple: D:4-7

Altars:

Annotations:
D:4 2 runed translucent doors, gabibbone's ghost, amateur MfGl
D:5 Ijyb


Message History

Found a ring mail.
You now have 243 gold pieces (gained 12).
There is a stone staircase leading down here.
You see here a +0 mace.
Items here: )) [ ††.
j - 2 scrolls labelled ENIORUTHR UWAWO (gained 1)
As you read the scroll labelled ENIORUTHR UWAWO, it crumbles to dust.
It is a scroll of enchant armour.
Your +0 helmet glows green for a moment.
Ijyb the Twisted Goblin comes into view.
She is wielding a +0 club and carrying a wand of quicksilver (11).
Ijyb zaps a wand.
The bolt of dispelling energy hits you!!
A dart slug comes into view.
Ijyb zaps a wand.
The bolt of dispelling energy hits you!!
You are too injured to fight recklessly!
You are too injured to fight recklessly!
You are too injured to fight recklessly!
You aren't carrying any items that you can evoke.
Ijyb zaps a wand.
The bolt of dispelling energy hits you!!
* * * LOW HITPOINT WARNING * * *
The dart slug launches a dart at you. The slug dart hits you.
* * * LOW HITPOINT WARNING * * *
Okay, then.
Unknown command.
As you read the scroll of fear, it crumbles to dust.
You assume a fearsome visage.
Ijyb looks frightened!
The dart slug looks frightened!
Cornered, the dart slug turns to fight!
The dart slug bites you but does no damage.
Cornered, Ijyb turns to fight!
Ijyb zaps a wand.
The bolt of dispelling energy hits you!!
* * * LOW HITPOINT WARNING * * *
The dart slug launches a dart at you.
The slug dart hits you but does no damage.
You barely miss Ijyb.
Ijyb zaps a wand.
The bolt of dispelling energy hits you!
You die...

..# #.# #.##
####..####
#........#
#.w......#
#........##.#
#........##.#
#g@......##.#
######.####.#
#.## #.# #..#
#.#
####.###.#######
#...............
#.##.###.####..#
#.##.###.#
#.##..##.#


You could see Ijyb and a dart slug.

Vanquished Creatures
  Menkaure (D:4)
  Edmund (D:4)
  Duvessa (D:4)
  Pargi (D:3)
  A scorpion (D:4)
  Dowan (D:4)
  2 hounds (D:5)
  An iguana (D:4)
  Terence (D:3)
  3 orc wizards (D:3)
  Robin (D:2)
  7 adders
  3 worms (D:2)
  A dart slug (D:5)
  7 orcs
  13 ball pythons
  3 bats
  11 endoplasms
  7 giant cockroaches
  15 goblins
  6 hobgoblins
  3 jackals (D:1)
  8 kobolds
  4 quokkas
  14 frilled lizards
  7 rats
123 creatures vanquished.

Vanquished Creatures (others)
  5 plants (D:3)
5 creatures vanquished.

Grand Total: 128 creatures vanquished

Notes
Turn   | Place    | Note
-------+----------+-------------------------------------------
     0 | D:1      | wilfster70 the Hill Orc Fighter began the quest for the
                  | Orb.
     0 | D:1      | Reached XP level 1. HP: 19/19 MP: 1/1
     9 | D:1      | Identified a scroll of acquirement
     9 | D:1      | Acquired the +0 buckler of Darkness {Regen+}
   140 | D:1      | Reached skill level 3 in Axes
   157 | D:1      | Reached XP level 2. HP: 27/27 MP: 2/2
   457 | D:1      | Reached skill level 4 in Axes
   475 | D:1      | Reached XP level 3. HP: 33/33 MP: 3/3
   626 | D:1      | Found Resops's Armour Shop.
  1207 | D:2      | You fall into a shaft and drop 1 floor!
  1236 | D:2      | Noticed Robin
  1243 | D:2      | Reached XP level 4. HP: 30/41 MP: 4/4
  1249 | D:2      | Reached skill level 5 in Axes
  1249 | D:2      | Killed Robin
  1963 | D:3      | Noticed Terence
  1970 | D:3      | Killed Terence
  1971 | D:3      | Reached XP level 5. HP: 44/47 MP: 5/5
  2228 | D:3      | Noticed Pargi
  2241 | D:3      | Killed Pargi
  2242 | D:3      | Reached skill level 5 in Fighting
  2242 | D:3      | Reached skill level 6 in Axes
  2242 | D:3      | Reached XP level 6. HP: 47/56 MP: 6/6
  2242 | D:3      | Found a faded altar of an unknown god.
  2638 | D:3      | Reached skill level 7 in Axes
  2849 | D:4      | Noticed Dowan
  2849 | D:4      | Noticed Duvessa
  2863 | D:4      | Killed Duvessa
  2867 | D:4      | Killed Dowan
  2868 | D:4      | Reached skill level 8 in Axes
  2868 | D:4      | Reached XP level 7. HP: 61/63 MP: 7/7
  2939 | D:4      | Noticed Menkaure
  2946 | D:4      | Killed Menkaure
  3005 | D:4      | Found a large runed translucent door.
  3005 | D:4      | Found a large runed translucent door.
  3006 | D:4      | Noticed Edmund
  3023 | D:4      | Killed Edmund
  3024 | D:4      | Reached skill level 9 in Axes
  3028 | D:4      | Noticed gabibbone's ghost (amateur MfGl)
  3686 | D:5      | Entered Level 5 of the Dungeon
  3702 | D:5      | Reached XP level 8. HP: 71/73 MP: 8/8
  3862 | D:5      | Noticed Ijyb
  3876 | D:5      | HP: 2/73 [Ijyb/bolt of dispelling energy (21)]
  3877 | D:5      | Killed from afar by Ijyb

Illustrated notes

Levels and vault maps discovered:
D:1:      kilobyte_arrival_exit_the_forest, layout_loops_ring, serial_shops,
          shop
D:2:      layout_basic, uniq_robin
D:3:      layout_loops_corners, hellmonk_ecumenical_altar_pennies_from_heaven,
          gup_sewer_entry_bowl, chequers_serial_rivers_micro_d,
          minmay_lizard_king, uniq_pargi, uniq_terence
D:4:      layout_loops_cross, ebering_ghost_disaster_area, abandoned_shop,
          chequers_serial_rivers_room_b, minmay_misc_feat_doors,
          hangedman_decor_slide_cut, uniq_edmund, uniq_duvessa, uniq_menkaure
D:5:      layout_basic, mainiacjoe_overflow_alcove_3, minmay_temple_entry_grid,
          uniq_ijyb, uniq_grinder, uniq_sigmund

Skill      XL: |  1  2  3  4  5  6  7 |
---------------+----------------------+-----
Axes           | 3 4 5 6 8 9 |  9.9
Fighting       | 4 5 6 7 |  7.1
Armour         | |  3.2
Shields        | |  3.2

Action                   |  1- 3 |  4- 6 |  7- 9 || total
-------------------------+-------+-------+-------++-------
Melee: War axe           |   108 |   165 |    82 ||   355
  Use: Scroll            |     1 |       |     4 ||     5
       Potion            |       |     1 |       ||     1
Armor: Scale mail        |    50 |    66 |       ||   116
       Chain mail        |       |    19 |    37 ||    56
Dodge: Dodged            |    68 |    74 |    19 ||   161
Block: Buckler           |    21 |    47 |    14 ||    82

Table legend: (Time is in decaauts)
 A = Elapsed time spent in this place.
 B = Non-inter-level travel time spent in this place.
 C = Inter-level travel time spent in this place.
 D = Time resting spent in this place.
 E = Time spent auto-exploring this place.
 F = Levels seen in this place.
 G = Mean time per level.
                   A        B        C        D        E       F      G
               +--------+--------+--------+--------+--------+-----+--------+
         Total |   3975 |   3875 |    100 |    263 |   2318 |   5 |  795.0 |
       Dungeon |   3975 |   3875 |    100 |    263 |   2318 |   5 |  795.0 |
               +--------+--------+--------+--------+--------+-----+--------+

Top non-repeatable levels by time:
     D:1: 1096 daAuts
     D:3: 992 daAuts
     D:4: 852 daAuts
     D:2: 842 daAuts
     D:5: 192 daAuts
